 Dungeon Crawl Stone Soup version 0.26.1 (webtiles) character file.

Game seed: 1293698053533008387

204 swilekon the Slasher (level 5, -4/42 HPs)
             Began as a Demonspawn Monk on Feb 6, 2021.
             Was a Follower of Ru.
             Blown up by Ijyb (24 damage)
             ... with a disintegration bolt
             ... on level 3 of the Dungeon.
             The game lasted 00:07:48 (3839 turns).

swilekon the Slasher (Demonspawn Monk)              Turns: 3839, Time: 00:07:51

Health: -4/42      AC:  2    Str: 12    XL:     5   Next: 52%
Magic:  5/5        EV: 14    Int: 11    God:    Ru [*.....]
Gold:   185        SH:  0    Dex: 16    Spells: 4/4 levels left

rFire    . . .     SeeInvis .   a - +1 falchion
rCold    + . .     Faith    .   (no shield)
rNeg     . . .     Spirit   .   b - +0 robe
rPois    .         Reflect  .   (no helmet)
rElec    .         Harm     .   (no cloak)
rCorr    .         Rampage  .   (no gloves)
Will     .....                  (no boots)
Stlth    ++........             (no amulet)
HPRegen  0.14/turn              i - ring of protection from cold
MPRegen  0.09/turn              (no ring)

@: no status effects
A: claws 1, talons 1, powered by pain 2, inability to train armour
a: Renounce Religion


You were on level 3 of the Dungeon.
You worshipped Ru.
Ru was aware of your devotion.
You visited 1 branch of the dungeon, and saw 3 of its levels.

You collected 185 gold pieces.

Inventory:

Hand Weapons
 a - a +1 falchion (weapon)
Armour
 b - a +0 robe (worn)
Jewellery
 i - a ring of protection from cold (left claw)
Scrolls
 c - 7 scrolls of identify
 e - a scroll of blinking
 f - 2 scrolls of magic mapping
 g - 2 scrolls of remove curse
 h - a scroll of enchant weapon
Potions
 d - a potion of heal wounds
 j - a potion of lignification


   Skills:
 + Level 3.7 Fighting
 * Level 4.0 Long Blades
 * Level 3.8 Dodging
 + Level 2.9 Stealth


You had 4 spell levels left.
You didn't know any spells.
Your spell library was empty.

Dungeon Overview and Level Annotations

Branches:
Dungeon (3/15)

Altars:
Cheibriados
Fedhas
Makhleb
Nemelex Xobeh
Ru
Zin
The Shining One

Annotations:
D:3 Ijyb, Sigmund


Innate Abilities, Weirdness & Mutations

You have sharp fingernails.
You have sharp toenails.
You sometimes gain power by taking damage.
You cannot train Armour skill.


Message History

Ijyb hits you with a +0 club.
You hit Ijyb.
Ijyb is lightly wounded.
Ijyb is stunned by your conviction and fails to attack.
You redirect Ijyb's attack!
Ijyb hits Sigmund but does no damage.
Sigmund hits you from afar with a +0 scythe!
You barely miss Ijyb. You claw Ijyb, but do no damage.
Ijyb is lightly wounded.
Ijyb closely misses you.
Sigmund hits you from afar with a +0 scythe.
Ijyb screams, "Me stronger than you!" Ijyb hits you with a +0 club.
You feel yourself speed up.
Sigmund gestures at himself while chanting.
Sigmund flickers and vanishes!
Deactivating autopickup; reactivate with Ctrl-A.
Ijyb zaps a wand.
You are blasted!
Ouch! That really hurt!
You die...

**#######
#.#...#.#
#...<†..#
#.#...#{#
*,#$..#.#
*,#.#.#g#
*,#.#.#.#
*,###.#@#
*,,,..#.#
######***###.#
#....# #.#
#.##.# #.#
#####.##.####
#.#
.....>##.†..#
#.#
#####.#####.#
#.# #.#
#.####.##


You could see Ijyb.

Vanquished Creatures
  Natasha (D:3)
  4 gnolls
  5 adders
  2 worms
  2 dart slugs (D:3)
  4 leopard geckos
  2 orcs (D:3)
  2 ball pythons (D:3)
  9 bats
  3 giant cockroaches
  6 goblins
  8 hobgoblins
  8 jackals
  5 kobolds
  A quokka (D:2)
  5 frilled lizards
  10 rats
77 creatures vanquished.

Notes
Turn   | Place    | Note
-------+----------+-------------------------------------------
     0 | D:1      | swilekon the Demonspawn Monk began the quest for the Orb.
     0 | D:1      | Reached XP level 1. HP: 18/18 MP: 1/1
   252 | D:1      | Gained mutation: You sometimes gain a little power by
                  | taking damage. [demonic ancestry]
   252 | D:1      | Reached XP level 2. HP: 5/24 MP: 2/2
   258 | D:1      | Reached skill level 3 in Long Blades
   827 | D:1      | Found a sparkling altar of Nemelex Xobeh.
   872 | D:1      | Gained mutation: You have sharp fingernails. [demonic
                  | ancestry]
   872 | D:1      | Reached XP level 3. HP: 29/29 MP: 3/3
  1371 | D:2      | Found a blossoming altar of Fedhas.
  1619 | D:2      | Found a blossoming altar of Fedhas.
  1619 | D:2      | Found a glowing golden altar of the Shining One.
  1628 | D:2      | Found a sacrificial altar of Ru.
  1630 | D:2      | Found a faded altar of an unknown god.
  1632 | D:2      | Found a glowing silver altar of Zin.
  1635 | D:2      | Became a worshipper of Ru the Awakened
  1636 | D:2      | Gained mutation: You cannot train Armour skill. [Ru
                  | sacrifice]
  1636 | D:2      | Reached * piety under Ru
  1709 | D:2      | Found a burning altar of Makhleb.
  2071 | D:2      | Gained mutation: You have sharp toenails. [demonic
                  | ancestry]
  2071 | D:2      | Reached XP level 4. HP: 35/35 MP: 4/4
  2650 | D:3      | Noticed Ijyb
  2688 | D:3      | Noticed Sigmund
  2706 | D:3      | Noticed Natasha
  2801 | D:3      | Found a snail-covered altar of Cheibriados.
  3083 | D:2      | Gained mutation: You sometimes gain power by taking damage.
                  | [demonic ancestry]
  3083 | D:2      | Reached XP level 5. HP: 17/41 MP: 5/5
  3827 | D:3      | Killed Natasha
  3828 | D:3      | Reached skill level 4 in Long Blades
  3839 | D:3      | Blown up by Ijyb

Illustrated notes

Levels and vault maps discovered:
D:1:      amcnicky_arrival_double_pillar, layout_loops_cross,
          nrook_loot_triangle, st_stairs_7, nemelex_diamond_rough_becter
D:2:      layout_loops_ring, marbit_many_paths,
          chequers_temple_overflow_minitemple, fedhas_altar_2
D:3:      layout_basic, kennysheep_slug_shrine, uniq_natasha, uniq_ijyb,
          uniq_sigmund

Skill      XL: |  1  2  3  4  5 |
---------------+----------------+-----
Stealth        | 2 |  2.9
Long Blades    | 3 4 |  4.0
Dodging        | 3 |  3.8
Fighting       | |  3.7

Action                   |  1- 3 |  4- 6 || total
-------------------------+-------+-------++-------
Melee: Falchion          |   149 |    68 ||   217
       Kick              |       |    31 ||    31
Invok: Sacrifice Durabil |     1 |       ||     1
  Use: Scroll            |       |    10 ||    10
 Stab: Sleeping          |    10 |     5 ||    15
Armor: Robe              |    33 |    14 ||    47
Dodge: Dodged            |   106 |    74 ||   180
       Rpst.: Falchion   |    38 |    27 ||    65
